Zazza, neutral female human Tourist ----------- |..........# ------ ----- ##..........|# |....| |...| # -----------# ------ |..... |...| # # |....| ##.....| |...| # # |....| # |.....# |...| # # |!...| ### ------# |..>-# # # |....| # # #-...|# # # -|---- ### # ###-----### -----# # ## ------ # ###### # # |...|# # # |....|### #------------### ##..<.-# # ### |....|# #|).........|# |...| # # |....-# #|..........|# |...| ### # |....| #|....>.....-# ----- #----.-------- |.....############-..........| #|...........| |....| ------------ #|...........| ------ f@o..........| ------------- Zazza the Rambler Experience level: 1 Strength: 11 Dexterity: 10 Constitution: 11 Intelligence: 14 Wisdom: 11 Charisma: 18 Health: 0(10) Energy: 4(4) Def: 6 Gold: 1261 Moves: 1548 Dungeon seed: nxsEm0C2B7S8TE1O Game ID: Zazza_1535542897 Your Inventory: Coins $ - 1261 gold pieces Weapons a - 27 +2 darts (in quiver) D - a +0 orcish dagger (weapon in hand) Armor e - a blessed +0 Hawaiian shirt (being worn) q - a blessed +2 studded leather armor (being worn) r - an uncursed +0 orcish helm (being worn) Comestibles b - an uncursed cram ration c - 8 uncursed food rations f - 2 uncursed tripe rations Scrolls i - 3 uncursed scrolls of magic mapping m - an uncursed scroll of create monster H - an uncursed scroll of destroy armor I - an uncursed scroll of magic mapping J - an uncursed scroll of scare monster K - an uncursed scroll of create monster L - an uncursed scroll of teleportation M - an uncursed scroll of create monster N - an uncursed scroll of remove curse O - an uncursed scroll of amnesia P - an uncursed scroll of identify Potions h - 2 uncursed potions of extra healing Wands F - a wand of digging (0:7) Tools k - an uncursed skeleton key p - an expensive camera (0:95) Gems n - an uncursed agate stone Spells and supernatural/magical abilities: Name Level Category Fail Memory W - pray for help -- divine ? -- Your skills at the end: Fighting Skills Weapon Skills dart [Basic] Spellcasting Skills Final Attributes: You were stridently aligned. You are dead. Vanquished creatures: a yellow mold 2 geckos 3 jackals 2 goblins a sewer rat 2 grid bugs 2 lichens a kobold zombie 4 newts 18 creatures vanquished. Voluntary challenges: You were an atheist. You used a wielded weapon 4 times, starting on turn 1099. You were illiterate. You never genocided any monsters. You never polymorphed an object. You never changed form. You used no wishes. You never split a pudding. You never wrote Elbereth's name. You never violated your personal moral code. Dungeon overview: The Dungeons of Doom: levels 1 to 3 Level 1 a long staircase Level 2 <- You were here a potion shop a long staircase Level 3 a scroll shop, a fountain History has recorded: On T:1 you entered the Dungeons of Doom to retrieve the Amulet of Yendor! On T:586 you reached level 2 of The Dungeons of Doom. On T:1132 you reached level 3 of The Dungeons of Doom. Score breakdown: Gold: 334 ( 8589 points) Experience: 1 level ( 0 points) Exploration: 3 levels ( 6.00%) ( 6060 points) Discoveries: 1 item ( 0.34%) ( 1737 points) Valuables value: (no points given unless you survive) Artifact value: 0 ( 0 points) Variety of kills: 9 monsters ( 2.36%) ( 4610 points) Turncount: 1548 turns ( 0 points) Survival: died (score multiplied by 80%) Total score: 16796 Latest messages: "Thank you for shopping in Ennistymon's second-hand bookstore!" You hear a slow drip. You displace Armand. You see here 1261 gold pieces. You have a little trouble lifting $ - 1261 gold pieces. Your movements are slowed slightly because of your load. You displace Armand. You hear bubbling water. You displace Armand. You hear someone cursing shoplifters. You displace Armand. You stop. Armand is in the way! You hear someone cursing shoplifters. You hit it. The goblin wields a crude dagger! You miss it. (2x) The goblin thrusts her crude dagger. The goblin hits! You miss it. The goblin thrusts her crude dagger. The goblin hits! You die... Final status: Aloha Zazza the Tourist, killed by a goblin... You died in The Dungeons of Doom on dungeon level 2 with 16796 points, and 1261 pieces of gold, after 1548 moves. You were level 1 with a maximum of 10 hit points when you died.